Pick #1

Connor Bedard
Pick #2

Leo Carlsson
Pick #3

Adam Fantilli
Pick #4

Matvei Michkov
Pick #5

David Reinbacher
Pick #6

William Smith
Pick #7

Zachary Benson
Pick #8

Ryan Leonard
Pick #9

Gabriel Perreault
Pick #10

Axel Sandin-Pellika
Pick #11

Daniil But
Pick #12

Dalibor Dvorsky
Pick #13

Quentin Musty
Pick #14

Brayden Yager
Pick #15

Dmitry Simashev
Pick #16

Colby Barlow
Pick #17

Andrew Cristall
Pick #18

Easton Cowan
Pick #19

Jacob Fowler
Pick #20

Oliver Moore
Pick #21

Oliver Bonk
Pick #22

Tom Willander
Pick #23

Calum Ritchie
Pick #24

Tanner Molendyk
Pick #25

Gavin Brindley
Pick #26

Nate Danielson
Pick #27

Pick #28

Pick #29

Pick #30

Pick #31

Pick #32

Pick #33

Pick #34

Pick #35

Pick #36

Pick #37

Pick #38

Pick #39

Pick #40

Pick #41

Pick #42

Pick #43

Pick #44

Pick #45

Pick #46

Pick #47

Pick #48

Pick #49

Pick #50

Pick #51

Pick #52

Pick #53

Pick #54

Pick #55

Pick #56

Pick #57

Pick #58

Pick #59

Pick #60

Pick #61

Pick #62

Pick #63

Pick #64

Pick #65

Pick #66

Pick #67

Pick #68

Pick #69

Pick #70

Pick #71

Pick #72

Pick #73

Pick #74

Pick #75

Pick #76

Pick #77

Pick #78

Pick #79

Pick #80

Pick #81

Pick #82

Pick #83

Pick #84

Pick #85

Pick #86

Pick #87

Pick #88

Pick #89

Pick #90

Pick #91

Pick #92

Pick #93

Pick #94

Pick #95

Pick #96

Pick #97

Pick #98

Pick #99

Pick #100

Pick #101

Pick #102

Pick #103

Pick #104

Pick #105

Pick #106

Pick #107

Pick #108

Pick #109

Pick #110

Pick #111

Pick #112

Pick #113

Pick #114

Pick #115

Pick #116

Pick #117

Pick #118

Pick #119

Pick #120

Pick #121

Pick #122

Pick #123

Pick #124

Pick #125

Pick #126

Pick #127

Pick #128

Pick #129

Pick #130

Full Scoreboard »»

MapleLeafs vs Senators

Created - January 14, 2024 at 22:31

Goals
1 2 3 OT1 T
MapleLeafs 0 1 0 0 1
Senators 0 1 0 1 2
Shots
1 2 3 OT1 T
MapleLeafs 6 13 2 0 21
Senators 4 9 9 1 23

GoalsPenalties
1st period
No Goal
Anthony Cirelli (OTT) for Fighting (Major) at 10:54
Alexander Romanov (TOR) for Fighting (Major) at 10:54
K'Andre Miller (OTT) for Slashing (Double Minor) at 19:43
2nd period
1. MapleLeafs , John Marino 4 (Drake Batherson 23, Jonathan Huberdeau 17) at 1:57 (PP)
2. Senators , Matty Beniers 9 (Nikita Kucherov 15, K'Andre Miller 18) at 14:54
No Penalty
3rd period
No Goal
Drake Batherson (TOR) for High sticking (Minor) at 0:20
Noel Acciari (TOR) for Roughing (Minor) at 9:49
Overtime #1
3. Senators , Andrew Copp 12 (Rasmus Andersson 15, Scott Laughton 17) at 0:27
No Penalty
Goalie Stats
Jordan Binnington (TOR), 21 saves from 23 shots - (0.913), OTL, 5-11-3, 60:28 minutes
Semyon Varlamov (OTT), 20 saves from 21 shots - (0.952), W, 15-6-1, 60:28 minutes
3 StarsOfficial
1 - Matty Beniers (OTT)
2 - Andrew Copp (OTT)
3 - Rasmus Andersson (OTT)
Referees : Andrew Wilk and Corey Syvret
Linesman : Jaime Alary and Scott Cherrey
Game Note
Alexander Romanov beats up Anthony Cirelli at 10:54 of 1st period
Joel Eriksson Ek is injured at 9:24 of 2nd period (Back Spasms)
Finance
Level 1 -- Attendance: 6160 (94.77%) -- Ticket Income $739,200
Level 2 -- Attendance: 4649 (92.98%) -- Ticket Income $418,410
Level 3 -- Attendance: 2749 (78.54%) -- Ticket Income $206,175
Level 4 -- Attendance: 2121 (67.27%) -- Ticket Income $106,050
Luxury Box -- Attendance: 784 (78.40%) -- Ticket Income $188,160
Game was played at the Canadian Tire Centre.
Total Attendance: 16463 (85.96%)
Total Ticket Income: $1,657,995
Other Income: $414,499
Total Income: $2,072,494



Team Name Goals Shots Shots Attemp Shots Blocked PIM HIT PP PK FO%
MapleLeafs 12144119281 / 2 (50%)055%
Senators 2235679160 / 2 (0%)145%

MapleLeafs
Player Name POS G A P +/- PIM HIT SHT SB MP PP MP PP SHT PK MP PK SHT FO% FOT
Alexander RomanovD000-1550219:050:0002:1800% 0
Alexander WennbergC0000002020:310:5202:26071% 24
Anthony DuclairLW000-1004018:240:5200:0200% 1
Drake BathersonRW0110241018:341:2210:0000% 0
Elmer SoderblomLW000000105:580:0000:0000% 0
Erik CernakD0000090121:231:0800:5100% 0
Filip ChytilC0000001013:100:0000:0300% 0
John MarinoD101-1002120:131:0610:4900% 0
Jon MarchessaultLW/RW000-1022019:031:2210:00050% 2
Jonatan BerggrenRW0000000013:590:5200:00050% 2
Jonathan HuberdeauC011-2012019:201:2200:00040% 5
Mikael GranlundC000-1000118:590:0001:29044% 18
Nicolas HagueD0000011121:231:0800:5100% 0
Noah CatesLW000000108:270:0002:2900% 0
Noel AcciariC0000211013:060:0000:00057% 14
Rasmus SandinD000-1022420:271:0612:1800% 0
Trent FredericC000000107:250:0001:27050% 8
Zach WhitecloudD0000030117:560:0000:4900% 0
Senators
Player Name POS G A P +/- PIM HIT SHT SB MP PP MP PP SHT PK MP PK SHT FO% FOT
Andrew CoppC1011004020:071:5800:48037% 19
Anthony CirelliC0000504019:072:0011:26050% 2
Brock McGinnLW000000409:420:0000:0000% 0
Christian DvorakC0000000018:521:3700:00044% 16
Connor CliftonD0000050115:280:0000:2000% 0
Erik JohnsonD0001010019:230:0000:5100% 0
Jake WalmanD0000000016:551:4700:0000% 0
Joel Eriksson EkC000000008:210:0000:00044% 9
K'Andre MillerD0111410120:181:4700:0000% 0
Luke GlendeningC0000002011:310:2301:26067% 18
Matty BeniersC1011022117:161:5800:000100% 1
Nikita KucherovRW0111002017:161:5810:0000% 1
Noah HanifinD0000010224:132:1101:5400% 0
Pius SuterC0001011012:060:0000:00025% 4
Rasmus AnderssonD0111020124:102:1101:2300% 0
Sam GagnerC0000002012:190:0000:0000% 1
Scott LaughtonC0111011119:452:0000:4800% 2
Tomas TatarLW0000021012:190:0000:0000% 1



Play-by-Play

1st period


0:01 of 1st period - Alexander Wennberg wins face-off versus Joel Eriksson Ek in neutral zone.
0:14 of 1st period - Shot by Jon Marchessault.
0:14 of 1st period - Shot Misses the Net.
0:36 of 1st period - Shot by Alexander Wennberg.
0:36 of 1st period - Shot Blocked by Rasmus Andersson.
0:54 of 1st period - Icing by Joel Eriksson Ek.
0:55 of 1st period - Joel Eriksson Ek wins face-off versus Anthony Duclair in Senators zone.
1:24 of 1st period - Anthony Cirelli is hit by Jonathan Huberdeau.
2:31 of 1st period - Filip Chytil is hit by Connor Clifton and loses puck.
2:57 of 1st period - Icing by Alexander Romanov.
2:58 of 1st period - Trent Frederic wins face-off versus Luke Glendening in MapleLeafs zone.
3:05 of 1st period - Shot by Luke Glendening.
3:05 of 1st period - Stopped by Jordan Binnington without a rebound.
3:06 of 1st period - Luke Glendening wins face-off versus Alexander Wennberg in MapleLeafs zone.
3:33 of 1st period - Shot by Luke Glendening.
3:33 of 1st period - Shot Misses the Net.
3:35 of 1st period - Shot by Erik Johnson.
3:35 of 1st period - Shot Blocked by Rasmus Sandin.
3:37 of 1st period - Shot by Luke Glendening.
3:37 of 1st period - Shot Misses the Net.
3:55 of 1st period - Zach Whitecloud is hit by Pius Suter and loses puck.
5:11 of 1st period - Off-side.
5:12 of 1st period - Trent Frederic wins face-off versus Tomas Tatar in neutral zone.
5:28 of 1st period - K'Andre Miller is hit by Alexander Romanov and loses puck.
5:51 of 1st period - Icing by Noah Cates.
5:52 of 1st period - Matty Beniers wins face-off versus Trent Frederic in MapleLeafs zone.
6:02 of 1st period - Nikita Kucherov is hit by Alexander Romanov and loses puck.
6:28 of 1st period - Shot by Jonathan Huberdeau.
6:28 of 1st period - Shot Misses the Net.
6:30 of 1st period - Shot by Mikael Granlund.
6:30 of 1st period - Deflect By Anthony Duclair.
6:30 of 1st period - Stopped by Semyon Varlamov with a rebound.
6:38 of 1st period - Shot by Jonathan Huberdeau.
6:38 of 1st period - Shot Misses the Net.
6:48 of 1st period - Shot by Jonathan Huberdeau.
6:48 of 1st period - Shot Misses the Net.
7:16 of 1st period - Shot by Filip Chytil.
7:16 of 1st period - Stopped by Semyon Varlamov without a rebound.
7:17 of 1st period - Noel Acciari wins face-off versus Andrew Copp in Senators zone.
7:21 of 1st period - Filip Chytil is hit by Connor Clifton and loses puck.
7:51 of 1st period - Shot by Andrew Copp.
7:51 of 1st period - Stopped by Jordan Binnington without a rebound.
7:52 of 1st period - Alexander Wennberg wins face-off versus Luke Glendening in MapleLeafs zone.
8:25 of 1st period - Jon Marchessault is hit by K'Andre Miller and loses puck.
9:08 of 1st period - Shot by Anthony Duclair.
9:08 of 1st period - Stopped by Semyon Varlamov without a rebound.
9:09 of 1st period - Andrew Copp wins face-off versus Noel Acciari in Senators zone.
9:39 of 1st period - Off-side.
9:40 of 1st period - Mikael Granlund wins face-off versus Joel Eriksson Ek in neutral zone.
10:02 of 1st period - Shot by Mikael Granlund.
10:02 of 1st period - Shot Blocked by Connor Clifton.
10:04 of 1st period - Shot by John Marino.
10:04 of 1st period - Stopped by Semyon Varlamov without a rebound.
10:05 of 1st period - Alexander Wennberg wins face-off versus Anthony Cirelli in Senators zone.
10:05 of 1st period - Nicolas Hague is hit by Erik Johnson and loses puck.
10:14 of 1st period - Anthony Cirelli is hit by Drake Batherson and loses puck.
10:27 of 1st period - Shot by Jon Marchessault.
10:27 of 1st period - Shot Misses the Net.
10:30 of 1st period - Icing by Erik Johnson.
10:31 of 1st period - Andrew Copp wins face-off versus Mikael Granlund in Senators zone.
10:54 of 1st period - Alexander Romanov beats up Anthony Cirelli.
10:54 of 1st period - Penalty to Anthony Cirelli for Fighting.
10:54 of 1st period - Penalty to Alexander Romanov for Fighting.
10:55 of 1st period - Noel Acciari wins face-off versus Sam Gagner in Senators zone.
11:05 of 1st period - Tomas Tatar is hit by Erik Cernak and loses puck.
11:16 of 1st period - Shot by Rasmus Andersson.
11:16 of 1st period - Shot Misses the Net.
11:19 of 1st period - Icing by Noel Acciari.
11:20 of 1st period - Luke Glendening wins face-off versus Noel Acciari in MapleLeafs zone.
11:31 of 1st period - Shot by Luke Glendening.
11:31 of 1st period - Deflect By Pius Suter.
11:31 of 1st period - Shot Misses the Net.
11:33 of 1st period - Shot by Luke Glendening.
11:33 of 1st period - Stopped by Jordan Binnington without a rebound.
11:34 of 1st period - Joel Eriksson Ek wins face-off versus Mikael Granlund in MapleLeafs zone.
13:03 of 1st period - Off-side.
13:04 of 1st period - Trent Frederic wins face-off versus Andrew Copp in neutral zone.
13:27 of 1st period - Shot by Noah Cates.
13:27 of 1st period - Shot Misses the Net.
13:32 of 1st period - Icing by Scott Laughton.
13:33 of 1st period - Christian Dvorak wins face-off versus Alexander Wennberg in Senators zone.
13:33 of 1st period - Christian Dvorak is hit by Jon Marchessault.
13:50 of 1st period - Icing by Nicolas Hague.
13:51 of 1st period - Luke Glendening wins face-off versus Alexander Wennberg in MapleLeafs zone.
14:57 of 1st period - Icing by Erik Johnson.
14:58 of 1st period - Mikael Granlund wins face-off versus Joel Eriksson Ek in Senators zone.
15:13 of 1st period - Shot by Mikael Granlund.
15:13 of 1st period - Deflect By Anthony Duclair.
15:13 of 1st period - Stopped by Semyon Varlamov with a rebound.
15:43 of 1st period - Icing by Zach Whitecloud.
15:44 of 1st period - Christian Dvorak wins face-off versus Mikael Granlund in MapleLeafs zone.
16:14 of 1st period - Off-side.
16:15 of 1st period - Andrew Copp wins face-off versus Noel Acciari in neutral zone.
17:20 of 1st period - Icing by Scott Laughton.
17:21 of 1st period - Alexander Wennberg wins face-off versus Andrew Copp in Senators zone.
17:30 of 1st period - Shot by Jon Marchessault.
17:30 of 1st period - Shot Misses the Net.
17:52 of 1st period - Rasmus Andersson is hit by Drake Batherson and loses puck.
18:05 of 1st period - Shot by Sam Gagner.
18:05 of 1st period - Stopped by Jordan Binnington without a rebound.
18:06 of 1st period - Luke Glendening wins face-off versus Mikael Granlund in MapleLeafs zone.
18:06 of 1st period - K'Andre Miller is hit by Rasmus Sandin and loses puck.
18:25 of 1st period - Shot by Jonathan Huberdeau.
18:25 of 1st period - Stopped by Semyon Varlamov without a rebound.
18:26 of 1st period - Christian Dvorak wins face-off versus Trent Frederic in Senators zone.
18:31 of 1st period - Alexander Romanov is hit by Tomas Tatar and loses puck.
19:32 of 1st period - Icing by Joel Eriksson Ek.
19:33 of 1st period - Mikael Granlund wins face-off versus Joel Eriksson Ek in Senators zone.
19:43 of 1st period - Double Minor Penalty to K'Andre Miller for Slashing.
19:44 of 1st period - Luke Glendening wins face-off versus Jonathan Huberdeau in Senators zone.
19:50 of 1st period - Icing by Jonathan Huberdeau.
19:51 of 1st period - Luke Glendening wins face-off versus Jon Marchessault in MapleLeafs zone.
Goals for this period are 0 for MapleLeafs vs 0 for Senators.
Shots for this period are 6 for MapleLeafs vs 4 for Senators.

2nd period


0:01 of 2nd period - Jonathan Huberdeau wins face-off versus Luke Glendening in neutral zone.
0:04 of 2nd period - Shot by Rasmus Sandin.
0:04 of 2nd period - Stopped by Semyon Varlamov without a rebound.
0:05 of 2nd period - Luke Glendening wins face-off versus Jonathan Huberdeau in Senators zone.
0:05 of 2nd period - Luke Glendening is hit by Drake Batherson.
0:31 of 2nd period - Shot by Jon Marchessault.
0:31 of 2nd period - Stopped by Semyon Varlamov without a rebound.
0:32 of 2nd period - Alexander Wennberg wins face-off versus Luke Glendening in Senators zone.
0:33 of 2nd period - Shot by Jonatan Berggren.
0:33 of 2nd period - Shot Hit the Post.
1:01 of 2nd period - Shot by Nicolas Hague.
1:01 of 2nd period - Shot Misses the Net.
1:55 of 2nd period - Shot by Drake Batherson.
1:55 of 2nd period - Stopped by Semyon Varlamov with a rebound.
1:57 of 2nd period - Shot by John Marino.
1:57 of 2nd period - Goal by John Marino - MapleLeafs : 1 - Senators : 0.
1:58 of 2nd period - Joel Eriksson Ek wins face-off versus Trent Frederic in neutral zone.
2:19 of 2nd period - Icing by Joel Eriksson Ek.
2:20 of 2nd period - Joel Eriksson Ek wins face-off versus Noel Acciari in Senators zone.
2:27 of 2nd period - Shot by Matty Beniers.
2:27 of 2nd period - Shot Blocked by Zach Whitecloud.
2:38 of 2nd period - Jonatan Berggren is hit by Connor Clifton and loses puck.
2:57 of 2nd period - Shot by Rasmus Sandin.
2:57 of 2nd period - Deflect By Filip Chytil.
2:57 of 2nd period - Shot Blocked by Matty Beniers.
3:11 of 2nd period - Icing by Nikita Kucherov.
3:12 of 2nd period - Mikael Granlund wins face-off versus Nikita Kucherov in Senators zone.
3:27 of 2nd period - Anthony Duclair is hit by Connor Clifton and loses puck.
3:33 of 2nd period - Joel Eriksson Ek is hit by Erik Cernak and loses puck.
4:28 of 2nd period - Shot by Andrew Copp.
4:28 of 2nd period - Shot Misses the Net.
4:36 of 2nd period - Shot by Andrew Copp.
4:36 of 2nd period - Deflect By Anthony Cirelli.
4:36 of 2nd period - Shot Misses the Net.
4:38 of 2nd period - Shot by Scott Laughton.
4:38 of 2nd period - Shot Misses the Net.
4:40 of 2nd period - Shot by Andrew Copp.
4:40 of 2nd period - Deflect By Anthony Cirelli.
4:40 of 2nd period - Shot Blocked by Nicolas Hague.
4:42 of 2nd period - Shot by Scott Laughton.
4:42 of 2nd period - Deflect By Anthony Cirelli.
4:42 of 2nd period - Stopped by Jordan Binnington with a rebound.
5:45 of 2nd period - Shot by Drake Batherson.
5:45 of 2nd period - Shot Misses the Net.
6:06 of 2nd period - Christian Dvorak is hit by Alexander Romanov and loses puck.
6:38 of 2nd period - Scott Laughton is hit by Alexander Romanov and loses puck.
6:43 of 2nd period - Shot by Anthony Cirelli.
6:43 of 2nd period - Stopped by Jordan Binnington without a rebound.
6:44 of 2nd period - Noel Acciari wins face-off versus Pius Suter in MapleLeafs zone.
7:30 of 2nd period - Noel Acciari is hit by Tomas Tatar and loses puck.
7:39 of 2nd period - Shot by Christian Dvorak.
7:39 of 2nd period - Deflect By Tomas Tatar.
7:39 of 2nd period - Stopped by Jordan Binnington without a rebound.
7:40 of 2nd period - Andrew Copp wins face-off versus Trent Frederic in MapleLeafs zone.
7:57 of 2nd period - Shot by Trent Frederic.
7:57 of 2nd period - Stopped by Semyon Varlamov without a rebound.
7:58 of 2nd period - Christian Dvorak wins face-off versus Mikael Granlund in Senators zone.
8:17 of 2nd period - Shot by Anthony Duclair.
8:17 of 2nd period - Stopped by Semyon Varlamov with a rebound.
8:39 of 2nd period - Shot by Christian Dvorak.
8:39 of 2nd period - Shot Misses the Net.
8:41 of 2nd period - Shot by Tomas Tatar.
8:41 of 2nd period - Deflect By Sam Gagner.
8:41 of 2nd period - Shot Misses the Net.
8:54 of 2nd period - Andrew Copp is hit by Zach Whitecloud and loses puck.
8:57 of 2nd period - Shot by Andrew Copp.
8:57 of 2nd period - Deflect By Scott Laughton.
8:57 of 2nd period - Stopped by Jordan Binnington without a rebound.
8:58 of 2nd period - Alexander Wennberg wins face-off versus Joel Eriksson Ek in MapleLeafs zone.
9:23 of 2nd period - Joel Eriksson Ek is hit by Drake Batherson and loses puck.
9:24 of 2nd period - Joel Eriksson Ek from Senators is injured at 9:24 of 2nd period (Back Spasms).
9:25 of 2nd period - Jonatan Berggren wins face-off versus Scott Laughton in Senators zone.
9:28 of 2nd period - Shot by Jonatan Berggren.
9:28 of 2nd period - Shot Misses the Net.
9:37 of 2nd period - Icing by Andrew Copp.
9:38 of 2nd period - Trent Frederic wins face-off versus Andrew Copp in Senators zone.
10:07 of 2nd period - Shot by Anthony Cirelli.
10:07 of 2nd period - Shot Misses the Net.
10:34 of 2nd period - Off-side.
10:35 of 2nd period - Luke Glendening wins face-off versus Mikael Granlund in neutral zone.
10:42 of 2nd period - Shot by Brock McGinn.
10:42 of 2nd period - Stopped by Jordan Binnington without a rebound.
10:43 of 2nd period - Alexander Wennberg wins face-off versus Christian Dvorak in MapleLeafs zone.
10:50 of 2nd period - Shot by Drake Batherson.
10:50 of 2nd period - Shot Blocked by Noah Hanifin.
10:52 of 2nd period - Shot by Drake Batherson.
10:52 of 2nd period - Deflect By Jon Marchessault.
10:52 of 2nd period - Shot Misses the Net.
10:54 of 2nd period - Shot by Nicolas Hague.
10:54 of 2nd period - Shot Blocked by Noah Hanifin.
10:56 of 2nd period - Shot by Nicolas Hague.
10:56 of 2nd period - Stopped by Semyon Varlamov without a rebound.
10:57 of 2nd period - Luke Glendening wins face-off versus Mikael Granlund in Senators zone.
11:32 of 2nd period - Shot by Brock McGinn.
11:32 of 2nd period - Stopped by Jordan Binnington without a rebound.
11:33 of 2nd period - Alexander Wennberg wins face-off versus Andrew Copp in MapleLeafs zone.
11:37 of 2nd period - Icing by Drake Batherson.
11:38 of 2nd period - Andrew Copp wins face-off versus Alexander Wennberg in MapleLeafs zone.
12:02 of 2nd period - Shot by Alexander Wennberg.
12:02 of 2nd period - Stopped by Semyon Varlamov without a rebound.
12:03 of 2nd period - Mikael Granlund wins face-off versus Christian Dvorak in Senators zone.
12:14 of 2nd period - Jonathan Huberdeau is hit by Matty Beniers.
12:46 of 2nd period - Shot by Christian Dvorak.
12:46 of 2nd period - Shot Misses the Net.
12:48 of 2nd period - Shot by Christian Dvorak.
12:48 of 2nd period - Shot Blocked by Mikael Granlund.
13:08 of 2nd period - Icing by Andrew Copp.
13:09 of 2nd period - Alexander Wennberg wins face-off versus Andrew Copp in Senators zone.
13:10 of 2nd period - Shot by Jon Marchessault.
13:10 of 2nd period - Stopped by Semyon Varlamov without a rebound.
13:11 of 2nd period - Alexander Wennberg wins face-off versus Andrew Copp in Senators zone.
13:34 of 2nd period - Shot by Andrew Copp.
13:34 of 2nd period - Stopped by Jordan Binnington without a rebound.
13:35 of 2nd period - Noel Acciari wins face-off versus Luke Glendening in MapleLeafs zone.
13:40 of 2nd period - Shot by Rasmus Sandin.
13:40 of 2nd period - Stopped by Semyon Varlamov with a rebound.
13:55 of 2nd period - Icing by Zach Whitecloud.
13:56 of 2nd period - Noel Acciari wins face-off versus Christian Dvorak in MapleLeafs zone.
14:06 of 2nd period - Rasmus Sandin is hit by Noah Hanifin and loses puck.
14:42 of 2nd period - Shot by Alexander Wennberg.
14:42 of 2nd period - Stopped by Semyon Varlamov without a rebound.
14:43 of 2nd period - Mikael Granlund wins face-off versus Pius Suter in Senators zone.
14:54 of 2nd period - Shot by Matty Beniers.
14:54 of 2nd period - Goal by Matty Beniers - MapleLeafs : 1 - Senators : 1.
14:55 of 2nd period - Andrew Copp wins face-off versus Alexander Wennberg in neutral zone.
16:22 of 2nd period - Shot by Jonathan Huberdeau.
16:22 of 2nd period - Stopped by Semyon Varlamov without a rebound.
16:23 of 2nd period - Noel Acciari wins face-off versus Luke Glendening in Senators zone.
16:23 of 2nd period - Filip Chytil is hit by Rasmus Andersson and loses puck.
16:26 of 2nd period - Shot by Noel Acciari.
16:26 of 2nd period - Stopped by Semyon Varlamov without a rebound.
16:27 of 2nd period - Noel Acciari wins face-off versus Pius Suter in Senators zone.
16:51 of 2nd period - Pius Suter is hit by Zach Whitecloud and loses puck.
18:11 of 2nd period - Icing by John Marino.
18:12 of 2nd period - Pius Suter wins face-off versus Mikael Granlund in MapleLeafs zone.
18:19 of 2nd period - Shot by Matty Beniers.
18:19 of 2nd period - Deflect By Nikita Kucherov.
18:19 of 2nd period - Shot Blocked by John Marino.
18:49 of 2nd period - Shot by Pius Suter.
18:49 of 2nd period - Deflect By Nikita Kucherov.
18:49 of 2nd period - Stopped by Jordan Binnington without a rebound.
18:50 of 2nd period - Alexander Wennberg wins face-off versus Scott Laughton in MapleLeafs zone.
18:59 of 2nd period - Shot by Drake Batherson.
18:59 of 2nd period - Shot Blocked by Scott Laughton.
19:23 of 2nd period - Shot by Jon Marchessault.
19:23 of 2nd period - Shot Misses the Net.
Goals for this period are 1 for MapleLeafs vs 1 for Senators.
Shots for this period are 13 for MapleLeafs vs 9 for Senators.

3rd period


0:01 of 3rd period - Alexander Wennberg wins face-off versus Christian Dvorak in neutral zone.
0:11 of 3rd period - Christian Dvorak is hit by Jon Marchessault and loses puck.
0:20 of 3rd period - Minor Penalty to Drake Batherson for High sticking.
0:21 of 3rd period - Alexander Wennberg wins face-off versus Christian Dvorak in MapleLeafs zone.
0:21 of 3rd period - Alexander Wennberg is hit by Scott Laughton.
0:35 of 3rd period - Shot by Anthony Cirelli.
0:35 of 3rd period - Shot Misses the Net.
0:37 of 3rd period - Shot by Anthony Cirelli.
0:37 of 3rd period - Stopped by Jordan Binnington with a rebound.
1:43 of 3rd period - Icing by Noah Hanifin.
1:44 of 3rd period - Andrew Copp wins face-off versus Alexander Wennberg in Senators zone.
2:35 of 3rd period - Shot by Pius Suter.
2:35 of 3rd period - Stopped by Jordan Binnington without a rebound.
2:36 of 3rd period - Christian Dvorak wins face-off versus Jonathan Huberdeau in MapleLeafs zone.
2:40 of 3rd period - Icing by Zach Whitecloud.
2:41 of 3rd period - Luke Glendening wins face-off versus Mikael Granlund in MapleLeafs zone.
3:44 of 3rd period - Off-side.
3:45 of 3rd period - Alexander Wennberg wins face-off versus Andrew Copp in neutral zone.
4:00 of 3rd period - Shot by Alexander Wennberg.
4:00 of 3rd period - Shot Misses the Net.
4:17 of 3rd period - Shot by Anthony Cirelli.
4:17 of 3rd period - Stopped by Jordan Binnington without a rebound.
4:18 of 3rd period - Noel Acciari wins face-off versus Christian Dvorak in MapleLeafs zone.
5:20 of 3rd period - K'Andre Miller is hit by Erik Cernak and loses puck.
5:26 of 3rd period - Anthony Cirelli is hit by Nicolas Hague.
5:45 of 3rd period - Scott Laughton is hit by Erik Cernak and loses puck.
5:51 of 3rd period - Andrew Copp is hit by Erik Cernak and loses puck.
5:54 of 3rd period - Shot by Andrew Copp.
5:54 of 3rd period - Stopped by Jordan Binnington without a rebound.
5:55 of 3rd period - Luke Glendening wins face-off versus Alexander Wennberg in MapleLeafs zone.
7:16 of 3rd period - Shot by Sam Gagner.
7:16 of 3rd period - Shot Misses the Net.
7:30 of 3rd period - Shot by Christian Dvorak.
7:30 of 3rd period - Deflect By Tomas Tatar.
7:30 of 3rd period - Shot Blocked by Alexander Romanov.
7:32 of 3rd period - Shot by Sam Gagner.
7:32 of 3rd period - Stopped by Jordan Binnington with a rebound.
8:03 of 3rd period - Icing by Erik Cernak.
8:04 of 3rd period - Anthony Cirelli wins face-off versus Noel Acciari in MapleLeafs zone.
8:04 of 3rd period - Anthony Cirelli is hit by Erik Cernak.
9:11 of 3rd period - Christian Dvorak is hit by Erik Cernak and loses puck.
9:19 of 3rd period - Nikita Kucherov is hit by Erik Cernak and loses puck.
9:35 of 3rd period - Matty Beniers is hit by Erik Cernak and loses puck.
9:40 of 3rd period - Shot by Nikita Kucherov.
9:40 of 3rd period - Shot Blocked by Erik Cernak.
9:49 of 3rd period - Minor Penalty to Noel Acciari for Roughing.
9:50 of 3rd period - Alexander Wennberg wins face-off versus Christian Dvorak in MapleLeafs zone.
9:58 of 3rd period - Rasmus Andersson is hit by Alexander Romanov and loses puck.
10:14 of 3rd period - Shot by Noah Hanifin.
10:14 of 3rd period - Shot Misses the Net.
10:52 of 3rd period - Shot by Nikita Kucherov.
10:52 of 3rd period - Stopped by Jordan Binnington without a rebound.
10:53 of 3rd period - Mikael Granlund wins face-off versus Andrew Copp in MapleLeafs zone.
10:53 of 3rd period - Mikael Granlund is hit by Matty Beniers.
12:03 of 3rd period - Shot by Pius Suter.
12:03 of 3rd period - Shot Misses the Net.
12:05 of 3rd period - Shot by Luke Glendening.
12:05 of 3rd period - Shot Misses the Net.
12:07 of 3rd period - Shot by Brock McGinn.
12:07 of 3rd period - Stopped by Jordan Binnington without a rebound.
12:08 of 3rd period - Christian Dvorak wins face-off versus Mikael Granlund in MapleLeafs zone.
12:19 of 3rd period - Shot by Christian Dvorak.
12:19 of 3rd period - Shot Misses the Net.
12:53 of 3rd period - Icing by Noah Hanifin.
12:54 of 3rd period - Christian Dvorak wins face-off versus Noel Acciari in Senators zone.
12:58 of 3rd period - Noah Hanifin is hit by Rasmus Sandin.
13:18 of 3rd period - Scott Laughton is hit by Noel Acciari and loses puck.
13:37 of 3rd period - Rasmus Sandin is hit by Connor Clifton and loses puck.
13:43 of 3rd period - Icing by Andrew Copp.
13:44 of 3rd period - Alexander Wennberg wins face-off versus Andrew Copp in Senators zone.
14:43 of 3rd period - Shot by Matty Beniers.
14:43 of 3rd period - Stopped by Jordan Binnington without a rebound.
14:44 of 3rd period - Mikael Granlund wins face-off versus Christian Dvorak in MapleLeafs zone.
15:29 of 3rd period - Mikael Granlund is hit by Rasmus Andersson and loses puck.
16:08 of 3rd period - Shot by Elmer Soderblom.
16:08 of 3rd period - Stopped by Semyon Varlamov with a rebound.
16:10 of 3rd period - Shot by Elmer Soderblom.
16:10 of 3rd period - Shot Misses the Net.
16:12 of 3rd period - Shot by Noah Cates.
16:12 of 3rd period - Stopped by Semyon Varlamov without a rebound.
16:13 of 3rd period - Alexander Wennberg wins face-off versus Andrew Copp in Senators zone.
16:29 of 3rd period - Shot by Alexander Wennberg.
16:29 of 3rd period - Shot Blocked by K'Andre Miller.
16:31 of 3rd period - Shot by Alexander Wennberg.
16:31 of 3rd period - Shot Misses the Net.
17:33 of 3rd period - Shot by Matty Beniers.
17:33 of 3rd period - Shot Misses the Net.
17:37 of 3rd period - Shot by Matty Beniers.
17:37 of 3rd period - Shot Blocked by Alexander Romanov.
17:39 of 3rd period - Shot by Matty Beniers.
17:39 of 3rd period - Shot Misses the Net.
18:02 of 3rd period - Icing by Alexander Romanov.
18:03 of 3rd period - Luke Glendening wins face-off versus Jonatan Berggren in MapleLeafs zone.
18:08 of 3rd period - Shot by Brock McGinn.
18:08 of 3rd period - Stopped by Jordan Binnington without a rebound.
18:09 of 3rd period - Jonathan Huberdeau wins face-off versus Christian Dvorak in MapleLeafs zone.
18:29 of 3rd period - Christian Dvorak is hit by Zach Whitecloud and loses puck.
Goals for this period are 0 for MapleLeafs vs 0 for Senators.
Shots for this period are 2 for MapleLeafs vs 9 for Senators.

Overtime #1


0:01 of 1st overtime period - Jon Marchessault wins face-off versus Andrew Copp in neutral zone.
0:15 of 1st overtime period - Shot by Andrew Copp.
0:15 of 1st overtime period - Shot Misses the Net.
0:17 of 1st overtime period - Shot by Rasmus Andersson.
0:17 of 1st overtime period - Shot Misses the Net.
0:19 of 1st overtime period - Shot by Rasmus Andersson.
0:19 of 1st overtime period - Shot Blocked by Rasmus Sandin.
0:21 of 1st overtime period - Shot by Scott Laughton.
0:21 of 1st overtime period - Shot Misses the Net.
0:23 of 1st overtime period - Shot by Rasmus Andersson.
0:23 of 1st overtime period - Shot Blocked by Rasmus Sandin.
0:25 of 1st overtime period - Shot by Andrew Copp.
0:25 of 1st overtime period - Shot Blocked by Rasmus Sandin.
0:27 of 1st overtime period - Shot by Andrew Copp.
0:27 of 1st overtime period - Goal by Andrew Copp - MapleLeafs : 1 - Senators : 2.
Goals for this period are 0 for MapleLeafs vs 1 for Senators.
Shots for this period are 0 for MapleLeafs vs 1 for Senators.